 Dungeon Crawl Stone Soup version 0.29.0-13-gc9e81de378 (webtiles) character file.

Game seed: 11744484582043542745

7 keekatzer the Caller (level 2, 0/22 HPs)
             Began as a Ghoul Summoner on Sept 9, 2022.
             Frozen to death by an endoplasm (1 damage)
             ... on level 1 of the Dungeon.
             The game lasted 00:01:25 (242 turns).

keekatzer the Caller (Ghoul Summoner)                Turns: 242, Time: 00:01:25

Health: 0/22       AC:  2    Str: 11    XL:     2   Next: 4%
Magic:  0/3        EV: 12    Int: 10    God:
Gold:   29         SH:  0    Dex:  9    Spells: 3/4 levels left

rFire   . . .      SeeInvis .   d - +0 spear
rCold   + . .      Faith    .   (no shield)
rNeg    + + +      Spirit   .   a - +0 robe
rPois   ∞          Reflect  .   (no helmet)
rElec   .          Harm     .   (no cloak)
rCorr   .          Rampage  .   (no gloves)
Will    .....                   (no boots)
Stlth   ++........              (no amulet)
HPRegen 0.00/turn               (no ring)
MPRegen 0.08/turn               (no ring)

@: inhibited regen
A: claws 1, cold resistance 1, negative energy resistance 3, inhibited
regeneration, torment resistance 2, devour on kill
a: no special abilities


You were on level 1 of the Dungeon.
You visited 1 branch of the dungeon, and saw 1 of its levels.

You collected 29 gold pieces.

Inventory:

Hand Weapons
 d - a +0 spear (weapon)
Armour
 a - a +0 robe (worn)
Scrolls
 c - a scroll of vulnerability {unknown}
Potions
 b - 2 potions of magic


   Skills:
 * Level 0.6 Fighting
 + Level 1.8 Dodging
 + Level 2.3 Stealth
 * Level 1.9 Spellcasting
 * Level 3.7 Summonings


You had 3 spell levels left.
You knew the following spells:

 Your Spells              Type           Power      Damage    Failure   Level
a - Summon Small Mammal   Summ           32%        N/A       7%          1

Your spell library contained the following spells:

 Spells                   Type           Power      Damage    Failure   Level
 Call Imp                 Summ           8%         N/A       11%         2
 Call Canine Familiar     Summ           8%         N/A       21%         3
 Magic Dart               Conj           0%         1d3       32%         1
 Summon Guardian Golem    Hex/Summ       4%         N/A       41%         3
 Blink                    Tloc           0%         N/A       43%         2
 Mephitic Cloud           Conj/Pois/Air  0%         N/A       67%         3
 Summon Lightning Spire   Summ/Air       4%         N/A       82%         4
 Manifold Assault         Tloc           0%         N/A       100%        5
 Storm Form               Tmut/Air       Unusable   N/A       N/A         7

Dungeon Overview and Level Annotations

Branches:
Dungeon (1/15)

Altars:

Shops:
D:1 (


Innate Abilities, Weirdness & Mutations

You are immune to poison.
You have sharp fingernails.
Your flesh is cold resistant. (rC+)
You are immune to negative energy. (rN+++)
You do not regenerate when monsters are visible.
You are immune to unholy pain and torment.
You thrive by killing the living.


Message History

The hobgoblin closely misses you.
Your rat barely misses the hobgoblin.
You closely miss the hobgoblin.
The hobgoblin is lightly wounded.
The hobgoblin hits you.
Your rat bites the hobgoblin.
You barely miss the hobgoblin.
The hobgoblin is heavily wounded.
The hobgoblin hits you. The dart slug barely misses your rat.
Your rat closely misses the hobgoblin.
You hit the hobgoblin.
The hobgoblin is almost dead.
The hobgoblin hits you.
* * * LOW HITPOINT WARNING * * *
Your rat bites the hobgoblin.
The hobgoblin dies!
The endoplasm freezes you.
You are frozen.
You resist.
* * * LOW HITPOINT WARNING * * *
You have reached level 2!
Casting: Summon Small Mammal (safe; 7% risk of failure)
Confirm with . or Enter, or press ? or * to list all spells.
You don't have enough magic to cast this spell.
Your rat bites the dart slug.
The endoplasm freezes you.
You are frozen.
You resist.
* * * LOW HITPOINT WARNING * * *
Your rat bites the dart slug.
The dart slug barely misses your rat.
Your rat bites the dart slug.
The endoplasm attacks as you move away! The endoplasm closely misses you.
Your rat bites the dart slug.
The dart slug briefly extends its eye-stalks.
The dart slug launches a dart at your rat.
The slug dart hits your rat.
Your rat dies!
Your rat's corpse disappears in a puff of smoke!
The endoplasm attacks as you move away! The endoplasm closely misses you.
Casting: Summon Small Mammal (safe; 7% risk of failure)
Confirm with . or Enter, or press ? or * to list all spells.
The endoplasm freezes you.
You are frozen.
You resist.
You die...

...[.#.# .......# #..
.........#.# .......# ...
........#.#.##. .......###...
#.........#.$.. ........##....
#>..)...#....##.
..>....(.#...!###..#...?.......
..................b.....#....#
..........#.........#...#.#..#
..........#...#.@J...w.......#
†.........#.........##.......###.
..........#.........#...w.......$
.........................).......
.........####..................#.
..#.....## #..†.................
#.##..^## #.#.....#.........##.
.....#..# #.#.....##.........#
.....##.# #.#......###.###.....


You could see a dart slug, an endoplasm (ally target) and a friendly bat
(summoned).

Vanquished Creatures
  An endoplasm (D:1)
  A hobgoblin (D:1)
  2 frilled lizards (D:1)
  A rat (D:1)
5 creatures vanquished.

Vanquished Creatures (collateral kills)
  A hobgoblin (D:1)
  A kobold (D:1)
  A rat (D:1)
3 creatures vanquished.

Grand Total: 8 creatures vanquished

Notes
Turn   | Place    | Note
-------+----------+-------------------------------------------
     0 | D:1      | keekatzer the Ghoul Summoner began the quest for the Orb.
     0 | D:1      | Reached XP level 1. HP: 14/14 MP: 2/2
   170 | D:1      | Found a faded altar of an unknown god.
   227 | D:1      | Found Anni's Weapon Shoppe.
   233 | D:1      | Reached XP level 2. HP: 3/22 MP: 0/3
   233 | D:1      | HP: 1/22 [frozen (2)]
   242 | D:1      | Frozen to death by an endoplasm

Illustrated notes

Levels and vault maps discovered:
D:1:      grunt_arrival_crossed_arrows, layout_rooms, serial_shops, shop,
          hellmonk_ecumenical_altar_crossroads, chequers_serial_rivers_large_b,
          corexii_corridor_pit

Action                   || total
-------------------------++-------
Melee: Unarmed           ||    15
       Spear             ||     5
 Cast: Summon Small Mamm ||     7
 Stab: Sleeping          ||     1
Armor: Robe              ||     1
Dodge: Dodged            ||    10
